 Dungeon Crawl Stone Soup version 0.27-a0-811-ga052575696 (webtiles) character file.

Game seed: 18436570793556260906

86 Essalna the Ruffian (level 4, -5/39 HPs)
             Began as a Naga Transmuter on Mar 29, 2021.
             Slain by an ogre
             ... wielding a +0 giant spiked club
              (10 damage)
             ... on level 4 of the Dungeon.
             The game lasted 00:06:21 (3155 turns).

Essalna the Ruffian (Naga Transmuter)               Turns: 3155, Time: 00:06:21

Health: -5/39      AC:  5    Str: 13    XL:     4   Next: 50%
Magic:  7/7        EV: 10    Int: 14    God:
Gold:   168        SH:  0    Dex: 11    Spells: 3/7 levels left

rFire    . . .     SeeInvis +     - Unarmed
rCold    . . .     Faith    .   (no shield)
rNeg     . . .     Spirit   .   a - +1 robe
rPois    +         Reflect  .   c - +2 hat
rElec    .         Harm     .   (no cloak)
rCorr    +         Rampage  .   (no gloves)
Will     .....                  (no barding)
Stlth    +.........             j - amulet of the acrobat
HPRegen  0.13/turn              e - ring of resist corrosion
MPRegen  0.10/turn              (no ring)

@: brilliant, very slow
A: AC +1, large, see invisible, deformed body, poison resistance, slowness 2,
spit poison 1, naga tail 1
a: Spit Poison


You were on level 4 of the Dungeon.
You visited 1 branch of the dungeon, and saw 4 of its levels.

You collected 168 gold pieces.

Inventory:

Missiles
 b - 27 poisoned darts (quivered)
 d - a throwing net
Armour
 a - a +1 robe (worn)
 c - a +2 hat (worn)
Jewellery
 e - a ring of resist corrosion (left hand)
 j - an amulet of the acrobat (around neck)
 n - a +4 ring of slaying
Scrolls
 h - 2 scrolls of teleportation {unknown}
 m - a scroll of fog {unknown}
Potions
 f - 2 potions of haste {unknown}
 g - a potion of curing {unknown}
 i - a potion of invisibility {unknown}
 k - a potion of ambrosia {unknown}
 l - a potion of brilliance


   Skills:
 + Level 2.1 Fighting
 + Level 2.2 Dodging
 + Level 3.5 Unarmed Combat
 - Level 2.0 Spellcasting
 + Level 2.8 Transmutations
 + Level 0.1 Poison Magic


You had 3 spell levels left.
You knew the following spells:

 Your Spells              Type           Power      Damage    Failure   Level
a - Beastly Appendage     Tmut           28%        N/A       8%          1
b - Spider Form           Tmut/Pois      4%         N/A       36%         3

Your spell library contained the following spells:

 Spells                   Type           Power      Damage    Failure   Level
 Wereblood                Tmut           14%        N/A       11%         2
 Animate Skeleton         Necr           4%         N/A       24%         1
 Apportation              Tloc           4%         N/A       24%         1
 Corona                   Hex            2%         N/A       24%         1
 Summon Small Mammal      Summ           8%         N/A       24%         1
 Ice Form                 Ice/Tmut       8%         N/A       78%         4
 Blade Hands              Tmut           7%         N/A       90%         5


Dungeon Overview and Level Annotations

Branches:
Dungeon (4/15)
 Temple: D:4-7

Altars:
Ashenzari
Elyvilon
Fedhas
Nemelex Xobeh
Qazlal
Vehumet
Zin

Annotations:
D:4 Sigmund


Innate Abilities, Weirdness & Mutations

Your serpentine skin is tough. (AC +1)
You have supernaturally acute eyesight. (SInv)
Armour fits poorly on your strangely shaped body.
Your system is resistant to poisons. (rPois)
You cover ground very slowly.
You can spit poison.
You have a snake-like lower body.


Message History

Press: ? - help, Q - select action, (/) - cycle Shift-Dir - straight line, f/p - ogre
Aim: an ogre, wielding a +0 giant spiked club (lightly wounded, poisoned, 72% to hit)
You throw a poisoned dart. The poisoned dart hits the ogre.
The ogre looks even sicker.
The ogre is lightly wounded.
The ogre closely misses you.
Throw: 30 darts (poison)
Press: ? - help, Q - select action, (/) - cycle Shift-Dir - straight line, f/p - ogre
Aim: an ogre, wielding a +0 giant spiked club (lightly wounded, very poisoned, 72% to hit)
You throw a poisoned dart.
The poisoned dart barely misses the ogre.
The ogre hits you with a +0 giant spiked club!
Throw: 29 darts (poison)
Press: ? - help, Q - select action, (/) - cycle Shift-Dir - straight line, f/p - ogre
Aim: an ogre, wielding a +0 giant spiked club (lightly wounded, very poisoned, 72% to hit)
You throw a poisoned dart.
The poisoned dart barely misses the ogre.
The ogre hits you with a +0 giant spiked club.
Throw: 28 darts (poison)
Press: ? - help, Q - select action, (/) - cycle Shift-Dir - straight line, f/p - ogre
Aim: an ogre, wielding a +0 giant spiked club (lightly wounded, very poisoned, 72% to hit)
You throw a poisoned dart. The poisoned dart hits the ogre.
The ogre looks even sicker.
The ogre is lightly wounded.
You have got your breath back.
The ogre hits you with a +0 giant spiked club!!
Ouch! That really hurt!
* * * LOW HITPOINT WARNING * * *
The ogre misses you. The ogre misses you. The ogre barely misses you.
Sigmund the Dreaded comes into view.
He is wielding a +2 vorpal scythe.
Sigmund screams, "Die, monster!"
Sigmund whispers, "You'll know eternity soon."
The ogre completely misses you.
It was a potion of brilliance.
You feel clever all of a sudden.
Sigmund says, "Your kind have come here before.
I understand now why.
You desire death..."
The ogre hits you with a +0 giant spiked club!
You die...

######### #.......# ..
......... ..#####.#
........... #.#####.#
#.#.#..... .....##.#
#.#...... #.##.##.#
....#.# #.##.##.#
.@...#### ........#
#........ ####.####
#@..# # #...# #O..# #
#...# #####...##### ##
#...#####...........##
.#
#...........)........$
.#
##.######...........##
.## #.# ###.#...#.###
..# #.# #.#...#.#
..###.# #.#...# #


You could see Sigmund and an ogre (poisoned).

Vanquished Creatures
  A bullfrog skeleton (D:4)
  2 adders
  A dart slug (D:2)
  3 bats (D:1)
  An endoplasm (D:2)
  2 giant cockroaches
  4 goblins
  6 hobgoblins
  5 jackals
  4 ball pythons
  2 frilled lizards
  2 kobolds
  4 rats
37 creatures vanquished.

Vanquished Creatures (others)
  9 plants (D:1)
9 creatures vanquished.

Grand Total: 46 creatures vanquished

Notes
Turn   | Place    | Note
-------+----------+-------------------------------------------
     0 | D:1      | Essalna the Naga Transmuter began the quest for the Orb.
     0 | D:1      | Reached XP level 1. HP: 18/18 MP: 3/3
   570 | D:1      | Reached XP level 2. HP: 18/25 MP: 5/5
  1240 | D:2      | Reached XP level 3. HP: 10/31 MP: 4/6
  1852 | D:2      | Found a blossoming altar of Fedhas.
  1856 | D:2      | Found a sparkling altar of Nemelex Xobeh.
  1856 | D:2      | Found a glowing silver altar of Zin.
  1858 | D:2      | Found a radiant altar of Vehumet.
  1859 | D:2      | Found a broken altar of Ashenzari.
  1860 | D:2      | Found a white marble altar of Elyvilon.
  1862 | D:2      | Found a stormy altar of Qazlal.
  2008 | D:3      | Found a faded altar of an unknown god.
  2837 | D:4      | Reached XP level 4. HP: 23/39 MP: 7/7
  2971 | D:4      | Learned a level 3 spell: Spider Form
  3112 | D:4      | Noticed an ogre
  3153 | D:4      | Noticed Sigmund
  3155 | D:4      | Slain by an ogre

Illustrated notes

Levels and vault maps discovered:
D:1:      psy_arrival_whirlpool, layout_loops_ring, serial_forest,
          infiniplex_forest_straight_4, infiniplex_forest_clump_double,
          infiniplex_forest_clump_double, infiniplex_forest_clump_double,
          infiniplex_forest_lined_2, infiniplex_forest_clump_tiny
D:2:      layout_loops_ring, minitemple, grunt_ministairs_13,
          minmay_heptomino_l4
D:3:      layout_basic, chequers_ecumenical_altar_island
D:4:      layout_loops_cross, uniq_sigmund, uniq_menkaure, uniq_natasha

Skill      XL: |  1  2  3 |
---------------+----------+-----
Dodging        | 2 |  2.2
Fighting       | 2 |  2.1
Unarmed Combat | |  3.5
Spellcasting   | |  2.0
Transmutations | |  2.8
Poison Magic   | |  0.1

Action                   |  1- 3 |  4- 6 || total
-------------------------+-------+-------++-------
Melee: Unarmed           |   103 |     6 ||   109
       Headbutt          |    11 |     1 ||    12
       Punch             |     2 |       ||     2
Throw: Dart              |       |     5 ||     5
 Cast: Beastly Appendage |    14 |     4 ||    18
 Abil: Spit Poison       |    14 |     3 ||    17
  Use: Scroll            |     1 |       ||     1
       Potion            |       |     1 ||     1
Armor: Robe              |    30 |       ||    30
Dodge: Dodged            |    67 |     8 ||    75

Table legend: (Time is in decaauts)
 A = Elapsed time spent in this place.
 B = Non-inter-level travel time spent in this place.
 C = Inter-level travel time spent in this place.
 D = Time resting spent in this place.
 E = Time spent auto-exploring this place.
 F = Levels seen in this place.
 G = Mean time per level.
                   A        B        C        D        E       F      G
               +--------+--------+--------+--------+--------+-----+--------+
         Total |   4002 |   3892 |    110 |      0 |   3494 |   4 | 1000.5 |
       Dungeon |   4002 |   3892 |    110 |      0 |   3494 |   4 | 1000.5 |
               +--------+--------+--------+--------+--------+-----+--------+

Top non-repeatable levels by time:
     D:2: 1288 daAuts
     D:1: 1149 daAuts
     D:3: 1135 daAuts
     D:4: 429 daAuts
